 Dungeon Crawl Stone Soup version 0.20-a0-537-g052e6ba (console) character file.

893 utis the Conjurer (level 8, -4/52 HPs)
             Began as a Human Air Elementalist on Jan 27, 2017.
             Incinerated by Kidiri's ghost (9 damage)
             ... with a sticky flame
             ... on level 6 of the Dungeon.
             The game lasted 00:27:38 (8017 turns).

utis the Conjurer (Human Air Elementalist)          Turns: 8017, Time: 00:27:38

Health: -4/52      AC:  6    Str: 10    XL:     8   Next: 27%
Magic:  6/13       EV:  9    Int: 15    God:
Gold:   143        SH:  0    Dex: 15    Spells: 6/14 levels left

rFire    . . .     SeeInvis +   b - +0 hunting sling
rCold    . . .     Gourm    .   B - +0 scale mail
rNeg     . . .     Faith    .   (no shield)
rPois    .         Spirit   .   (no helmet)
rElec    .         Reflect  .   (no cloak)
rCorr    .         Harm     .   (no gloves)
MR       .....                  (no boots)
Stlth    +.........             (no amulet)
Regen    0.2/turn               (no ring)
                                (no ring)

@: liquid flames, glowing, repel missiles
A: see invisible
a: no special abilities


You were on level 6 of the Dungeon.
You were hungry.

You visited 1 branch of the dungeon, and saw 6 of its levels.

You collected 292 gold pieces.
You spent 149 gold pieces at shops.

Inventory:

Hand Weapons
 a - a +2 quarterstaff of speed
 b - a +0 hunting sling (weapon)
 f - a +0 dagger
 n - a -1 short sword
 y - a +0 short sword
Missiles
 d - 87 stones (quivered)
 e - 4 needles of sleeping
 r - 86 bolts
 v - 124 arrows
Armour
 k - a +0 leather armour
 o - a +0 robe
 q - a +0 chain mail of fire resistance
 s - a +0 centaur barding
 t - a +0 buckler
 w - a +0 ring mail
 B - a +0 scale mail (worn)
 L - a +0 ring mail
Jewellery
 g - a cursed ring of loudness {unknown}
 u - a cursed -3 ring of strength {unknown}
Wands
 M - a wand of paralysis (13/24)
Scrolls
 i - 7 scrolls of magic mapping
 l - 6 scrolls of fog
 x - a scroll of enchant weapon {unknown}
 F - a scroll of blinking
 G - a scroll of teleportation {@r4}
 K - a scroll of enchant armour {unknown}
 N - a scroll of fear
Potions
 h - 3 potions of curing {@q1}
 m - a potion of ambrosia
 p - a potion of cancellation
 C - 2 potions of agility {unknown}
 D - a potion of brilliance {unknown}
 H - a potion of magic {unknown}
 I - a potion of mutation {unknown}
 J - a potion of lignification {unknown}
Books
 A - a book of Air

   Spells                             Type                      Level
   a - Shock                          Conjuration/Air              1
   b - Swiftness                      Charms/Air                   2
   c - Repel Missiles                 Charms/Air                   2
   d - Static Discharge               Conjuration/Air              3
   e - Lightning Bolt                 Conjuration/Air              5
Comestibles
 c - 5 bread rations {@e1}
 j - 4 meat rations {@e1}
 z - a royal jelly {@e3}
 E - 7 fruits {@e2}


   Skills:
 - Level 2.0 Dodging
 - Level 2.0 Stealth
 + Level 3.5 Spellcasting
 * Level 6.3 Conjurations
 * Level 6.1 Air Magic


You had 6 spell levels left.
You knew the following spells:

 Your Spells              Type           Power        Failure   Level  Hunger
a - Shock                 Conj/Air       ###.         12%         1    None
r - Repel Missiles        Chrm/Air       ##....       73%         2    ##.....
t - Static Discharge      Conj/Air       ###.....     34%         3    ###....
W - Swiftness             Chrm/Air       ##......     73%         2    ##.....


Dungeon Overview and Level Annotations

Branches:
Dungeon (6/15)
 Temple: D:4-7

Altars:
Cheibriados
Dithmenos
Elyvilon
Gozag
Hepliaklqana
Sif Muna
Uskayaw
Yredelemnul
Zin
The Shining One

Shops:
D:2 *   D:4 *   D:6 [

Annotations:
D:6 Kidiri's ghost, novice DEFE


Innate Abilities, Weirdness & Mutations

You have supernaturally acute eyesight. (SInv)


Message History

Aiming: Shock
Press: ? - help, Shift-Dir - straight line The zap hits Kidiri's ghost.
Kidiri's ghost is heavily damaged.
The zap hits Kidiri's ghost.
Kidiri's ghost appears unharmed.
Kidiri's ghost is heavily damaged.
You are covered in liquid flames!
* * * LOW HITPOINT WARNING * * *
Kidiri's ghost casts a spell at you. The flame tongue hits you!
* * * LOW HITPOINT WARNING * * *
Unknown command.
Unknown command.
You feel better.
You are covered in liquid flames!
* * * LOW HITPOINT WARNING * * *
Kidiri's ghost closely misses you.
Unknown command.
You are covered in liquid flames!
You die...

░.░░ ░.░ .>.░░░░.░░░░ .░...
.....░ ░░░░ .➘.░░░░>░░.░ ░...
........░░.░ ░.░░ ...........░
░░░░░░ ░.░ ..░░░░░░░░.░ ░.<..░
░.░ ..░░░░░ ░W░ ░.░░.░ ░.░
......░ ░.░ ░p░░.░ ░.░
..░░░.░░░░.░░░░░.░░.░ ░.░ ..░
░..........W.░░.░ ░.░
...........░░░░░░░░.░░░░░░░░░░.░
░.░░░░░░░░.░ ░............░ ░.░
░.░ ░░░░░░░░░░░░░░ ░.░ ░.░ ░.
..░ ░░░


You could see Kidiri's ghost.

Vanquished Creatures
  An ice beast (D:6)
  2 centaurs
  An ogre (D:4)
  A bullfrog (D:6)
  2 scorpions
  2 hounds
  An orc priest (D:4)
  An orc wizard (D:4)
  5 worker ants
  A killer bee zombie (D:5)
  A howler monkey zombie (D:5)
  2 adders
  A shadow imp (D:5)
  An ooze (D:4)
  3 worms
  2 dart slugs
  2 leopard geckos (D:5)
  8 orcs
  4 bats
  5 giant cockroaches
  9 goblins
  10 hobgoblins
  7 jackals
  11 kobolds
  2 quokkas
  A ball python (D:5)
  5 frilled lizards
  A quokka skeleton (D:5)
  A quokka zombie (D:5)
  6 rats
99 creatures vanquished.

Vanquished Creatures (others)
  A goblin (D:3)
1 creature vanquished.

Grand Total: 100 creatures vanquished

Notes
Turn   | Place    | Note
-------+----------+-------------------------------------------
     0 | D:1      | utis the Human Air Elementalist began the quest for the Orb.
     0 | D:1      | Reached XP level 1. HP: 13/13 MP: 3/3
   333 | D:1      | Reached XP level 2. HP: 19/19 MP: 1/5
   380 | D:1      | Learned a level 2 spell: Repel Missiles
   383 | D:1      | Learned a level 2 spell: Swiftness
  1760 | D:2      | Reached XP level 3. HP: 21/24 MP: 2/6
  2469 | D:2      | Found an opulent altar of Gozag.
  2544 | D:2      | Found Gozag's Platinum Reserve.
  2619 | D:2      | Reached XP level 4. HP: 18/30 MP: 0/7
  2743 | D:2      | Learned a level 3 spell: Static Discharge
  3267 | D:2      | Found a hazy altar of Hepliaklqana.
  3623 | D:3      | Found a hide-covered altar of Uskayaw.
  3712 | D:2      | Reached XP level 5. HP: 34/35 MP: 4/8
  3935 | D:3      | Found a white marble altar of Elyvilon.
  4471 | D:3      | Found a shadowy altar of Dithmenos.
  4472 | D:3      | Found a basalt altar of Yredelemnul.
  4487 | D:3      | Found a glowing silver altar of Zin.
  4525 | D:3      | Noticed a centaur
  4534 | D:3      | Killed a centaur
  4534 | D:3      | Reached XP level 6. HP: 17/41 MP: 2/9
  5059 | D:4      | Found a deep blue altar of Sif Muna.
  5097 | D:4      | Found Toporof's General Store.
  5102 | D:4      | Bought a scroll of identify for 26 gold pieces
  5102 | D:4      | Bought a scroll of blinking for 97 gold pieces
  5102 | D:4      | Bought a scroll of fog for 26 gold pieces
  5384 | D:4      | Found a glowing golden altar of the Shining One.
  6000 | D:4      | Noticed an ogre
  6033 | D:4      | Killed an ogre
  6033 | D:4      | Reached skill level 5 in Conjurations
  6033 | D:4      | Reached skill level 5 in Air Magic
  6033 | D:4      | Reached XP level 7. HP: 46/46 MP: 4/10
  6200 | D:5      | Entered Level 5 of the Dungeon
  6650 | D:5      | Gained mutation: You have supernaturally acute eyesight. (SInv) [potion of beneficial mutation]
  6798 | D:5      | Found a snail-covered altar of Cheibriados.
  7545 | D:6      | Found Luobellu's Antique Armour Shop.
  7557 | D:6      | Reached XP level 8. HP: 46/52 MP: 6/12
  7988 | D:6      | Noticed Kidiri's ghost (novice DEFE)
  8015 | D:6      | HP: 1/52 [Kidiri's ghost/flame tongue (24)]
  8017 | D:6      | Incinerated by Kidiri's ghost

Vault maps used:
D:1:      saegor_arrival_simple_b
D:2:      overflow_temple_1_default, nicolae_gozag_zags_fifth_avenue
D:3:      zin_statuary, elyvilon_altar_4, eat_drink_and_be_merry_uskayaw,
          nicolae_overflow_hidden_temple, first_bread, st_stairs_12,
          item_on_display_a
D:4:      old_standard_altar, serial_shops, kennysheep_little_box,
          lemuel_blue_sif_altar
D:5:      kennysheep_slug_shrine
D:6:      vehumet_altar_wand_db, serial_shops, nicolae_shop_overgrown_old_shop

Skill      XL: |  1  2  3  4  5  6  7  8 |
---------------+-------------------------+-----
Conjurations   | 2 3 4 5 6 |  6.3
Air Magic      | 4 5 6 |  6.1
Spellcasting   | 3 |  3.5
Dodging        | |  2.0
Stealth        | |  2.0

Action                   |  1- 3 |  4- 6 |  7- 9 || total
-------------------------+-------+-------+-------++-------
Melee: Short sword       |     7 |     9 |       ||    16
       Quarterstaff      |       |    35 |    23 ||    58
 Fire: Hunting sling     |       |     7 |    27 ||    34
Throw: Stone             |    33 |    49 |     4 ||    86
 Cast: Shock             |    51 |    64 |    60 ||   175
       Repel Missiles    |     1 |     1 |     1 ||     3
  Use: Scroll            |     5 |     7 |     1 ||    13
       Potion            |       |       |     2 ||     2
  Eat: Chunk             |     6 |    11 |     6 ||    23
Armor: Robe              |     5 |       |       ||     5
       Leather armour    |    11 |    16 |       ||    27
       Ring mail         |       |       |    15 ||    15
       Scale mail        |       |       |     3 ||     3
Dodge: Dodged            |    36 |    49 |    39 ||   124
       Deflected         |     3 |       |     1 ||     4
